 Dungeon Crawl Stone Soup version 0.28-a0-1510-gd0f6b136d3 (webtiles) character file.

Game seed: 12977258143997693114

57 kae the Insei (level 3, 0/26 HPs)
             Began as a Demonspawn Transmuter on Jan 14, 2022.
             Slain by Natasha (5 damage)
             ... on level 3 of the Dungeon.
             The game lasted 00:01:12 (2648 turns).

kae the Insei (Demonspawn Transmuter)               Turns: 2648, Time: 00:01:13

Health: 0/26       AC:  2    Str: 10    XL:     3   Next: 73%
Magic:  3/6        EV: 19    Int: 16    God:
Gold:   98         SH:  0    Dex: 18    Spells: 2/6 levels left

rFire   . . .      SeeInvis .     - Unarmed
rCold   . . .      Faith    .   (shield currently unavailable)
rNeg    . . .      Spirit   .   (armour currently unavailable)
rPois   x          Reflect  .   (helmet currently unavailable)
rElec   .          Harm     .   (cloak currently unavailable)
rCorr   .          Rampage  .   (gloves currently unavailable)
Will    .....                   (boots currently unavailable)
Stlth   ++........              (no amulet)
HPRegen 0.08/turn               (no ring)
MPRegen 0.10/turn               (no ring)

@: spider-form (expiring)
A: venomous fangs, tiny, (horns 1), powered by death 1
a: End Transformation


You were on level 3 of the Dungeon.
You were a venomous arachnid creature.
You visited 1 branch of the dungeon, and saw 3 of its levels.

You collected 98 gold pieces.

Inventory:

Armour
 a - a +0 robe (melded)
Potions
 b - a potion of resistance
 d - 3 potions of brilliance {unknown}
 e - 2 potions of curing {unknown}
 g - a potion of degeneration {unknown}
 i - a potion of might {unknown}


   Skills:
 + Level 1.5 Fighting
 + Level 2.1 Dodging
 * Level 3.1 Unarmed Combat
 + Level 2.2 Spellcasting
 * Level 2.5 Transmutations
 * Level 0.3 Poison Magic


You had 2 spell levels left.
You knew the following spells:

 Your Spells              Type           Power      Damage    Failure   Level
a - Beastly Appendage     Tmut           20%        N/A       19%         1
b - Spider Form           Tmut/Pois      6%         N/A       54%         3

Your spell library contained the following spells:

 Spells                   Type           Power      Damage    Failure   Level
 Wereblood                Tmut           10%        N/A       26%         2
 Ensorcelled Hibernation  Hex/Ice        2%         N/A       52%         2
 Ice Form                 Ice/Tmut       5%         N/A       89%         4
 Petrify                  Tmut/Erth      5%         N/A       89%         4
 Summon Ice Beast         Ice/Summ       1%         N/A       97%         4


Dungeon Overview and Level Annotations

Branches:
Dungeon (3/15)

Altars:
Fedhas

Annotations:
D:3 1 runed translucent door, Crazy Yiuf, Natasha


Innate Abilities, Weirdness & Mutations

You are a venomous arachnid creature.
You have poisonous fangs.
You are tiny and dextrous.
Your spellcasting is less reliable in this form.
Your armour is entirely melded.
You are incapable of wielding weapons or throwing items.
((You have a pair of small horns on your head.))
You regenerate a little health from kills.


Message History

You now have 98 gold pieces (gained 12).
Found a mace.
Found a runed translucent door.
Crazy Yiuf shouts!
Found a blossoming altar of Fedhas.
Found a mace.
A goblin comes into view. It is wielding a +0 dagger.
A goblin is nearby!
Casting: Spider Form (extremely dangerous; 32% risk of failure)
Confirm with . or Enter, or press ? or * to list all spells.
Your feet morph into talons.
The goblin shouts!
You hear an angry hiss.
Natasha, Servant of Life and Death comes into view.
The goblin hits you with a +0 dagger.
You hit the goblin. Your kick misses the goblin.
The goblin is moderately wounded.
Natasha stares at you and mumbles some strange words.
The magic dart hits you! The goblin hits you with a +0 dagger.
You are too injured to fight recklessly!
Casting: Beastly Appendage (safe; 7% risk of failure)
Confirm with . or Enter, or press ? or * to list all spells.
The spell is extremely dangerous to miscast (32% risk of failure)!
Continue anyway? [Y]es or [N]o only, please.
The spell is extremely dangerous to miscast (32% risk of failure)!
Continue anyway?
Your talons disappear.
You turn into a venomous arachnid creature.
Your +0 robe melds into your body.
You hit the goblin.
You kill the goblin!
Natasha mumbles some strange words.
Items here: ( )) †.
You hit Natasha.
Natasha is lightly wounded.
Your transformation is almost over.
Natasha claws you!
* * * LOW HITPOINT WARNING * * *
The crimson imp blinks!
You hit Natasha.
Natasha is moderately wounded.
Natasha claws you.
You die...

,,,+,,,>,,,,,,* #.##b##.
,************.##########
#.#####. ,***,,,,,**
*..........###.......
,**,,,,,,,*
*#............####.#.
,********##**#..####.####.#
#.#.
,,,,,,,,,...##..##....)##.#
#.#.
***********.....#.......#.#
#.#. ***#..#5......#.# #...
#.hs..._.....# ##..
#..#.......#.# #...
#§.#.......#.# #...
##.##.....##,#* #...
#.*###.###*,,* ##.#
#.,,,,...,,,** #.##
##,***##.#**** ##.#
*,,,,,,...,,* #.#
********##*** ##.


You could see Natasha and a crimson imp (summoned).

Vanquished Creatures
  An adder (D:1)
  3 dart slugs (D:1)
  5 bats
  3 endoplasms
  2 giant cockroaches
  2 hobgoblins (D:1)
  4 jackals
  5 quokkas
  A ball python (D:2)
  2 frilled lizards
  3 goblins
  4 kobolds
  A rat (D:1)
36 creatures vanquished.

Notes
Turn   | Place    | Note
-------+----------+-------------------------------------------
     0 | D:1      | kae the Demonspawn Transmuter began the quest for the Orb.
     0 | D:1      | Reached XP level 1. HP: 15/15 MP: 3/3
    23 | D:1      | You fall into a shaft and drop 1 floor!
   546 | D:1      | Gained mutation: You regenerate a little health from kills.
                  | [demonic ancestry]
   546 | D:1      | Reached XP level 2. HP: 11/21 MP: 3/5
  1037 | D:1      | Reached skill level 3 in Unarmed Combat
  1248 | D:1      | Got the Collected Works on Dusty Cold
  1260 | D:1      | Mutation became permanent: You have a pair of small horns
                  | on your head. [demonic ancestry]
  1260 | D:1      | Gained mutation: You have a pair of horns on your head.
                  | [demonic ancestry]
  1260 | D:1      | Reached XP level 3. HP: 26/26 MP: 4/6
  1264 | D:1      | Learned a level 3 spell: Spider Form
  2604 | D:3      | Found a runed translucent door.
  2605 | D:3      | Noticed Crazy Yiuf
  2632 | D:3      | Found a blossoming altar of Fedhas.
  2641 | D:3      | Noticed Natasha
  2648 | D:3      | Slain by Natasha

Illustrated notes

Levels and vault maps discovered:
D:1:      tarquinn_simple_flora_water_b, layout_basic
D:2:      layout_basic, st_stairs_5
D:3:      layout_basic, zin_academy, old_standard_altar, serial_aquarium,
          aquarium_bridge_square [aquarium_subvault_bridge,
          aquarium_subvault_balcony, aquarium_subvault_bridge,
          aquarium_subvault_wall], aquarium_window_3, aquarium_window_2,
          aquarium_view_2c, aquarium_balcony_3a, uniq_crazy_yiuf_cottage,
          uniq_terence, uniq_ijyb, uniq_natasha, uniq_sigmund

Skill      XL: |  1  2 |
---------------+-------+-----
Transmutations | 2 |  2.5
Dodging        | 2 |  2.1
Unarmed Combat | 3 |  3.1
Fighting       | |  1.5
Spellcasting   | |  2.2
Poison Magic   | |  0.3

Action                   || total
-------------------------++-------
Melee: Unarmed           ||   107
       Kick              ||     9
       Headbutt          ||     7
       Punch             ||     1
 Cast: Beastly Appendage ||    23
       Spider Form       ||     3
  Use: Scroll            ||     4
Armor: Robe              ||    17
Dodge: Dodged            ||    78

Table legend: (Time is in decaauts)
 A = Elapsed time spent in this place.
 B = Non-inter-level travel time spent in this place.
 C = Inter-level travel time spent in this place.
 D = Time resting spent in this place.
 E = Time spent auto-exploring this place.
 F = Levels seen in this place.
 G = Mean time per level.
                   A        B        C        D        E       F      G
               +--------+--------+--------+--------+--------+-----+--------+
         Total |   2643 |   2606 |     37 |    123 |   2190 |   3 |  881.0 |
       Dungeon |   2643 |   2606 |     37 |    123 |   2190 |   3 |  881.0 |
               +--------+--------+--------+--------+--------+-----+--------+

Top non-repeatable levels by time:
     D:1: 1437 daAuts
     D:2: 1110 daAuts
     D:3: 94 daAuts
